 Dungeon Crawl Stone Soup version 0.20.1-1-g8b1a95d (webtiles) character file.

109 Devour the Skirmisher (level 4, -9/30 HPs)
             Began as a Gargoyle Fighter on Sept 26, 2017.
             Killed by divine providence
             ... invoked by an orc priest
              (13 damage)
             ... on level 3 of the Dungeon.
             The game lasted 00:02:36 (1587 turns).

Devour the Skirmisher (Gargoyle Fighter)            Turns: 1587, Time: 00:02:37

Health: -9/30      AC: 10    Str: 20    XL:     4   Next: 89%
Magic:  4/4        EV:  7    Int:  9    God:
Gold:   56         SH:  9    Dex:  9    Spells: 3/3 levels left

rFire    . . .     SeeInvis .   a - +0 war axe
rCold    . . .     Gourm    .   c - +0 shield
rNeg     + . .     Faith    .   b - +0 scale mail
rPois    ∞         Spirit   .   (no helmet)
rElec    +         Reflect  .   (no cloak)
rCorr    .         Harm     .   (no gloves)
MR       .....                  (no boots)
Stlth    ..........             (no amulet)
Regen    0.1/turn               (no ring)
MPRegen  0.1/turn               (no ring)

@: no status effects
A: negative energy resistance 1, electricity resistance, unbreathing,
petrification resistance, rot immunity, AC +3
a: no special abilities


You were on level 3 of the Dungeon.
You were not hungry.

You visited 1 branch of the dungeon, and saw 3 of its levels.

You collected 56 gold pieces.

Inventory:

Hand Weapons
 a - a +0 war axe (weapon)
Armour
 b - a +0 scale mail (worn)
 c - a +0 shield (worn)
Jewellery
 g - a +4 ring of dexterity {unknown}
Scrolls
 e - a scroll of enchant weapon {unknown}
 i - a scroll of magic mapping {unknown}
Potions
 d - a potion of might
 h - a potion of mutation
 k - a potion of heal wounds
Comestibles
 f - 2 bread rations
 j - 3 chunks of flesh
 m - a meat ration


   Skills:
 + Level 4.5 Fighting
 + Level 2.2 Axes
 + Level 3.9 Armour
 + Level 4.1 Shields


You had 3 spell levels left.
You didn't know any spells.

Dungeon Overview and Level Annotations

Branches:
Dungeon (3/15)

Altars:
Kikubaaqudgha
Makhleb


Innate Abilities, Weirdness & Mutations

You are resistant to torment.
Your stone body is resilient. (AC +3)
You are immune to poison.
You resist negative energy. (rN+)
You are resistant to electric shocks. (rElec)
You can survive without breathing.
You are immune to petrification.
You are immune to rotting.


Message History

The orc priest hits you but does no damage.
A kobold comes into view. It is wielding a short sword.
You closely miss the orc priest. You closely miss the orc. The orc hits you.
The orc priest calls down the wrath of Beogh upon you.
Beogh smites you! The orc hits you.
An orc wizard comes into view. It is wielding a dagger.
The orc wizard shouts!
You are too injured to fight recklessly!
You are too injured to fight recklessly!
Unknown command.
You hit the orc priest.
The orc priest is moderately wounded.
You closely miss the orc.
The orc priest calls down the wrath of Beogh upon you.
Beogh smites you!
* * * LOW HITPOINT WARNING * * *
The orc hits you but does no damage.
The orc priest mumbles some strange prayers to Beogh against you.
Beogh smites you!
You die...

#.. . .. .. .. ... #.
..##o #. ..K## ..>.
#oo####...#$.
#.@...#...#....
#............?#
#.............#
###..)...?......#
..#####.............#..
.....................
#..###.............
#..<......)........
#.#..)...$.........


You could see an orc priest, an orc wizard, an orc and a kobold.

Vanquished Creatures
  A hound (D:2)
  Robin (D:2)
  A gnoll (D:1)
  An adder (D:3)
  A worm (D:2)
  A leopard gecko (D:2)
  An orc (D:3)
  6 bats
  3 giant cockroaches
  8 goblins
  8 hobgoblins
  A quokka (D:2)
  A frilled lizard (D:2)
  4 kobolds
  2 rats
  2 rat zombies (D:2)
42 creatures vanquished.

Notes
Turn   | Place    | Note
-------+----------+-------------------------------------------
     0 | D:1      | Devour the Gargoyle Fighter began the quest for the Orb.
     0 | D:1      | Reached XP level 1. HP: 14/14 MP: 1/1
   194 | D:1      | Reached XP level 2. HP: 13/19 MP: 2/2
   627 | D:2      | Reached XP level 3. HP: 24/24 MP: 3/3
   692 | D:2      | Found a burning altar of Makhleb.
   807 | D:2      | Reached XP level 4. HP: 29/29 MP: 4/4
   829 | D:2      | Noticed Robin
   866 | D:2      | Killed Robin
  1147 | D:2      | Found an ancient bone altar of Kikubaaqudgha.
  1418 | D:2      | Found a burning altar of Makhleb.
  1587 | D:3      | Killed from afar by an orc priest

Skill      XL: |  1  2  3  4 |
---------------+-------------+-----
Fighting       | 4 |  4.5
Axes           | 2 |  2.2
Shields        | 4 |  4.1
Armour         | |  3.9

Action                   |  1- 3 |  4- 6 || total
-------------------------+-------+-------++-------
Melee: War axe           |    70 |    88 ||   158
  Use: Scroll            |       |     2 ||     2
  Eat: Chunk             |       |     3 ||     3
Armor: Scale mail        |    41 |    75 ||   116
Dodge: Dodged            |    17 |    42 ||    59
Block: Shield            |    39 |    61 ||   100
